AoeStats
← oceaningabyss

Fortress

509510482Analyzed
4v4 RM · 7d ago on Sep 27, 2026· 51m 43s· 8 players
Game mode
Random Map
Map size
Huge
Population
200
Speed
Normal
Resources
Standard
Victory
Conquest
Starting age
Dark Age
Ending age
Imperial Age
RankedLock teamsTeams togetherTeam positionsShared explorationLock speedFull tech treeHidden civsTurbo modeCheats
Victory
Defeat
🇫🇮 Malay · Finland
1622
+6
🇫🇮 Berbers · Finland
1562
+8
🇺🇸 Burgundians · United States
1560
+8
🇨🇦 Spanish · Canada
1363
+15
🇮🇳 Tatars · India
1431
-11
🇧🇷 Bulgarians · Brazil
1375
-9
🇯🇵 Chinese · Japan
1360
-9
🇦🇷 Khmer · Argentina
1332
-8
Mionel Lessi
8:06 Feudal Age
8:54 Horse Collar
9:02 Double-Bit Axe
10:09 Loom
13:50 Castle Age
12:10 Stone Mining
12:10 Gold Mining
12:54 Gold Mining
14:11 Wheelbarrow
14:30 Heavy Plow
14:58 Town Watch
19:14 Hand Cart
24:53 Stone Shaft Mining
24:33 Bow Saw
25:09 Gold Shaft Mining
30:31 Imperial Age
28:22 Stirrups
28:40 Forging
28:21 Fletching
28:38 Scale Barding Armor
30:21 Bloodlines
30:11 Husbandry
31:14 Chain Barding Armor
31:30 Iron Casting
30:52 Bodkin Arrow
31:34 Conscription
30:41 Elite Konnik
32:47 Blast Furnace
32:34 Plate Barding Armor
31:59 Bracer
36:17 Scale Mail Armor
36:58 Chain Mail Armor
FoldedAunt23528
0:46 Loom
6:53 Feudal Age
11:33 Castle Age
9:32 Double-Bit Axe
10:25 Horse Collar
11:13 Stone Mining
12:45 Bow Saw
18:29 Gold Mining
18:52 Heavy Plow
22:13 Ballistics
22:15 Fletching
22:25 Padded Archer Armor
24:45 Stone Shaft Mining
24:46 Gold Shaft Mining
24:23 Bodkin Arrow
24:44 Leather Archer Armor
25:35 Wheelbarrow
24:45 Town Watch
26:21 Scale Mail Armor
26:31 Forging
30:21 Imperial Age
30:16 Hand Cart
30:02 Town Patrol
30:31 Elite Chu Ko Nu
33:05 Two-Man Saw
32:41 Bracer
33:11 Ring Archer Armor
32:57 Chain Mail Armor
33:16 Squires
34:41 Capped Ram
34:49 Pikeman
35:54 Caravan
36:25 Coinage
35:42 Siege Ram
37:05 Fortified Wall
40:24 Thumb Ring
Draczel
8:05 Feudal Age
11:05 Castle Age
9:07 Double-Bit Axe
11:21 Horse Collar
15:08 Wheelbarrow
14:50 Bow Saw
16:29 Heavy Plow
17:40 Hand Cart
18:20 Loom
21:56 Fletching
22:06 Padded Archer Armor
22:17 Scale Barding Armor
22:22 Forging
22:12 Stone Mining
22:12 Gold Mining
22:56 Bloodlines
22:46 Husbandry
23:30 Bodkin Arrow
23:50 Leather Archer Armor
24:01 Husbandry
33:22 Imperial Age
31:13 Light Cavalry
32:36 Chain Barding Armor
32:51 Iron Casting
32:39 Ballistics
32:14 Murder Holes
32:30 Masonry
32:17 Town Watch
33:32 Gold Shaft Mining
35:13 Blast Furnace
34:48 Plate Barding Armor
34:02 Hussar
35:24 Plate Barding Armor
36:23 Town Patrol
36:58 Conscription
36:57 Elite Ballista Elephant
37:51 Bracer
38:07 Leather Archer Armor
41:31 Double Crossbow
Broken Angel
7:33 Feudal Age
11:34 Castle Age
9:54 Double-Bit Axe
10:03 Horse Collar
15:51 Bow Saw
16:07 Heavy Plow
20:26 Loom
21:21 Wheelbarrow
22:40 Hand Cart
23:06 Gold Mining
26:49 Imperial Age
24:56 Fletching
25:07 Padded Archer Armor
25:12 Town Watch
26:11 Gold Shaft Mining
25:27 Stone Mining
26:35 Bodkin Arrow
26:56 Leather Archer Armor
27:03 Ballistics
27:08 Fortified Wall
27:08 Masonry
26:53 Heavy Cavalry Archer
27:37 Silk Armor
27:57 Conscription
28:51 Chemistry
28:45 Crop Rotation
28:46 Bracer
29:16 Ring Archer Armor
29:01 Bloodlines
28:52 Husbandry
29:51 Ring Archer Armor
30:26 Elite Skirmisher
32:17 Murder Holes
32:28 Siege Engineers
32:33 Masonry
34:40 Bombard Tower
34:55 Scale Barding Armor
34:33 Treadmill Crane
35:38 Light Cavalry
36:52 Masonry
36:53 Forging
39:26 Hussar
42:21 Chain Barding Armor
42:37 Iron Casting
p0ni spice latte
3:07 Double-Bit Axe
3:22 Horse Collar
8:47 Feudal Age
10:35 Bow Saw
12:43 Castle Age
10:48 Heavy Plow
12:34 Wheelbarrow
17:14 Guilds
18:51 Loom
20:39 Hand Cart
20:21 Gold Mining
21:35 Crop Rotation
21:41 Stone Mining
23:27 Gold Shaft Mining
27:29 Imperial Age
26:03 Scale Barding Armor
26:46 Caravan
27:01 Husbandry
26:22 Cavalier
27:51 Chain Barding Armor
27:49 Paladin
29:20 Plate Barding Armor
28:56 Forging
29:30 Conscription
30:31 Iron Casting
30:54 Stone Shaft Mining
32:32 Blast Furnace
31:42 Fletching
32:11 Burgundian Vineyards
32:41 Bodkin Arrow
34:20 Chemistry
35:39 Light Cavalry
36:26 Hussar
37:00 Treadmill Crane
37:30 Masonry
38:32 Bracer
38:55 Ballistics
38:45 Masonry
43:32 Architecture
43:05 Scale Mail Armor
42:33 Man-at-Arms
42:41 Elite Coustillier
44:17 Bombard Tower
43:44 Arrowslits
45:22 Hoardings
45:31 Chain Mail Armor
45:17 Padded Archer Armor
44:39 Long Swordsman
44:39 Pikeman
45:19 Squires
45:25 Murder Holes
45:12 Two-Handed Swordsman
45:38 Arson
47:34 Leather Archer Armor
47:50 Plate Mail Armor
47:41 Fortified Wall
47:21 Guard Tower
47:24 Capped Ram
47:24 Onager
47:57 Sappers
48:24 Guard Tower
48:46 Careening
48:47 Clinker Construction
48:42 Siphons
48:00 Halberdier
48:19 Onager
49:52 Sanctity
49:32 Devotion
49:57 Illumination
49:33 Atonement
49:43 Redemption
49:44 Fervor
51:37 Keep
51:23 Carvel Hull
51:23 Block Printing
51:04 Herbal Medicine
52:58 Two-Man Saw
mundobear
8:27 Feudal Age
9:04 Horse Collar
12:06 Castle Age
11:36 Wheelbarrow
12:52 Double-Bit Axe
15:47 Loom
19:51 Gold Mining
20:08 Heavy Plow
20:36 Stone Mining
22:13 Bow Saw
25:53 Imperial Age
23:41 Fletching
24:35 Hand Cart
24:40 Bloodlines
24:35 Husbandry
25:07 Kasbah
25:57 Bodkin Arrow
26:25 Ballistics
27:36 Chemistry
26:39 Bracer
27:00 Conscription
27:26 Thumb Ring
27:35 Padded Archer Armor
27:44 Caravan
27:59 Fortified Wall
27:59 Town Watch
29:07 Maghrebi Camels
29:11 Light Cavalry
29:36 Elite Camel Archer
30:27 Scale Barding Armor
30:33 Forging
30:38 Leather Archer Armor
31:40 Masonry
36:33 Ring Archer Armor
37:08 Chain Barding Armor
38:33 Hoardings
39:45 Plate Barding Armor
39:55 Gold Shaft Mining
40:58 Hussar
44:01 Iron Casting
47:45 Siege Engineers
51:39 Iron Casting
Alga
5:59 Feudal Age
5:34 Double-Bit Axe
5:30 Horse Collar
8:21 Wheelbarrow
13:40 Castle Age
18:46 Imperial Age
16:36 Gold Mining
16:17 Crossbowman
17:12 Fletching
18:18 Bodkin Arrow
20:24 Bracer
24:00 Thumb Ring
27:54 Padded Archer Armor
28:44 Block Printing
29:46 Chemistry
33:44 Ballistics
33:27 Arbalester
34:21 Loom
35:41 Sanctity
35:33 Redemption
35:42 Bow Saw
35:33 Heavy Plow
44:15 Forging
43:26 Pikeman
44:07 Squires
44:33 Hand Cart
44:03 Town Watch
44:51 Crop Rotation
44:44 Conscription
45:18 Man-at-Arms
45:44 Arson
46:23 Long Swordsman
46:37 Capped Ram
48:45 Husbandry
48:06 Light Cavalry
49:14 Thalassocracy
50:17 Elite Karambit Warrior
50:59 Forced Levy
51:38 Iron Casting
oceaningabyss
9:12 Feudal Age
13:16 Castle Age
13:47 Double-Bit Axe
13:43 Horse Collar
16:19 Bow Saw
16:10 Heavy Plow
16:47 Wheelbarrow
18:32 Loom
24:43 Hand Cart
25:06 Scale Barding Armor
25:07 Padded Archer Armor
27:42 Bloodlines
27:33 Husbandry
27:49 Leather Archer Armor
31:35 Gold Mining
35:28 Imperial Age
33:27 Fletching
34:47 Ballistics
35:26 Stone Mining
35:48 Caravan
36:40 Ring Archer Armor
35:59 Elite Conquistador
44:27 Redemption
Connection lost

Rejoining the realm…

Still unreachable

The connection could not be restored.

Session expired

The server has moved on; the page needs a fresh start.